 Dungeon Crawl Stone Soup version 0.28-a0-1447-ga5a8893891 (webtiles) character file.

Game seed: 16721458244722745491

974 ytrimaz the Insei (level 8, 0/78 HPs)
             Began as an Octopode Transmuter on Jan 10, 2022.
             Was an Initiate of Ashenzari.
             Succumbed to a water moccasin's poison
             ... on level 5 of the Dungeon.
             The game lasted 00:06:33 (6231 turns).

ytrimaz the Insei (Octopode Transmuter)             Turns: 6231, Time: 00:06:34

Health: 0/78       AC: 24    Str:  9    XL:     8   Next: 16%
Magic:  15/15      EV:  2    Int: 18    God:    Ashenzari [......]
Gold:   172        SH:  0    Dex: 12    Spells: 1/16 levels left

rFire   + . .      SeeInvis .     - Unarmed
rCold   . . .      Faith    .   (no shield)
rNeg    + . .      Spirit   .   (helmet currently unavailable)
rPois   +          Reflect  .   (no amulet)
rElec   .          Harm     .   a - ring of protection from fire
rCorr   .          Rampage  .   j - ring of positive energy
Will    .....      NoTele   +   (no ring)
Stlth   +.........              (no ring)
HPRegen 0.23/turn               (no ring)
MPRegen 0.14/turn               (no ring)
                                (no ring)
                                (no ring)

@: lethally poisoned (0 -> -5), tree-form, on berserk cooldown, slowed, very
slow
A: stationary, stasis, torment immunity, boosted hp, almost no armour,
(amphibious), 8 rings, (camouflage 1), (gelatinous body 1), (nimble swimmer 1),
(tentacles), (iridescent scales 1), (shaggy fur 1)
a: Renounce Religion


You were on level 5 of the Dungeon.
You worshipped Ashenzari.
Ashenzari was noncommittal.
You were a tree.
You visited 2 branches of the dungeon, and saw 7 of its levels.

You collected 232 gold pieces.
You spent 60 gold pieces at shops.

Inventory:

Jewellery
 a - a ring of protection from fire (left branch)
 j - a ring of positive energy (right branch)
Wands
 k - a wand of acid (13)
 m - a wand of mindburst (7)
Scrolls
 b - a scroll of enchant weapon
 d - a scroll of enchant armour
 f - a scroll of vulnerability
 l - a scroll of amnesia
Potions
 c - a potion of attraction {unknown}
 h - 2 potions of invisibility
 i - 2 potions of mutation
 o - a potion of ambrosia {unknown}


   Skills:
 * Level 3.5 Fighting
 - Level 2.4 Dodging
 + Level 5.3 Unarmed Combat
 * Level 4.8 Spellcasting
 * Level 5.1 Transmutations
 * Level 1.4 Poison Magic


You had one spell level left.
You knew the following spells:

 Your Spells              Type           Power      Damage    Failure   Level
a - Beastly Appendage     Tmut           44%        N/A       1%          1
b - Wereblood             Tmut           22%        N/A       2%          2
c - Spider Form           Tmut/Pois      16%        N/A       11%         3
d - Ice Form              Ice/Tmut       13%        N/A       43%         4
e - Irradiate             Conj/Tmut      6%         3d15      78%         5

Your spell library contained the following spells:

 Spells                   Type           Power      Damage    Failure   Level
 Sandblast                Erth           8%         2d5       14%         1
 Passwall                 Tmut/Erth      10%        N/A       7%          2
 Scorch                   Fire           8%         2d5       21%         2
 Stone Arrow              Conj/Erth      8%         3d7       38%         3
 Flame Wave               Conj/Fire      4%         2d4       80%         4
 Fireball                 Conj/Fire      2%         3d4       98%         5
 Starburst                Conj/Fire      2%         6d3       100%        6
 Summon Cactus Giant      Summ           2%         N/A       100%        6
 Ignition                 Fire           2%         3d3       100%        8


Dungeon Overview and Level Annotations

Branches:
Dungeon (6/15)             Temple (1/1) D:5

Altars:
Ashenzari
Cheibriados
Elyvilon
Fedhas
Kikubaaqudgha
Nemelex Xobeh
Okawaru
Qazlal
Ru
Sif Muna
Trog
Uskayaw
Vehumet
Wu Jian
Yredelemnul
Zin
The Shining One

Shops:
D:3 *(((   D:4 =   D:6 ?

Annotations:
D:3 Grinder
D:5 exclusions: centaur and 3 yaks


Innate Abilities, Weirdness & Mutations

You are a tree.
Your roots penetrate the ground, keeping you stationary.
You cannot be teleported.
You are immune to unholy pain and torment.
Your maximum health is greatly increased.
You cannot wear most types of armour.
((You are amphibious.))
You can wear up to eight rings at the same time.
((Your skin changes colour to match your surroundings (Stealth+).))
((Your rubbery body absorbs attacks. (AC +1, EV +1)))
((You are camouflaged when in or above water. (Stealth+)))
((You have tentacles for arms and can constrict up to eight enemies at once.))
((You are partially covered in iridescent scales. (AC +2)))
((You are covered in fur. (AC +1)))


Message History

* * * LOW HITPOINT WARNING * * *
You are more poisoned.
The water moccasin poisons you! The water moccasin closely misses you.
It was a potion of lignification.
Your tentacle spike disappears.
You turn into a tree.
Your roots penetrate the ground.
* * * LOW HITPOINT WARNING * * *
You feel very sick.
The water moccasin bites you but does no damage.
Unknown command.
It was a potion of berserk rage.
A red film seems to cover your vision as you go berserk!
You feel yourself moving faster!
You feel mighty!
* * * LOW HITPOINT WARNING * * *
You feel very sick.
The water moccasin bites you but does no damage.
You smack the water moccasin!
You kill the water moccasin!
* * * LOW HITPOINT WARNING * * *
You feel sick.
Your Transmutations skill increases to level 5!
You cannot move.
You cannot move.
Unknown command.
You are too berserk!
Unknown command.
* * * LOW HITPOINT WARNING * * *
You feel sick.
You feel a strong urge to attack something.
* * * LOW HITPOINT WARNING * * *
You feel sick.
* * * LOW HITPOINT WARNING * * *
You feel sick.
You feel your anger nearly subside.
* * * LOW HITPOINT WARNING * * *
You feel sick.
You are no longer berserk.
You are exhausted.
You feel yourself slow down.
You die...

##........# #.......#####........
..........# ##......# #...#####
###############...### #...#
#.......# #.### #...## #.#####.#
#.# ##...# ### #.#####.###.#####
#.#.# ..# #.##............# #...#
#.# #.##.##.#.#####.#### ##.##
#.###.##.##.#.##♣......####.#####
#...........#.......##.##........
#############.##.##...........###
#.##.##.##.##.....#
#....[.....##.....# #
#.##.##.#####.....# # #.##.##.#
##.#### # #.......# ###.### #
####.#### #.....# #


There were no monsters in sight!

Vanquished Creatures
  A steam dragon (D:4)
  A water moccasin (D:5)
  3 necrophages (D:4)
  An ogre (D:3)
  A scorpion (D:4)
  A jelly (D:4)
  A hound (D:3)
  An iguana (D:4)
  A hound zombie (D:4)
  12 gnolls
  3 adders
  A white imp (D:5)
  A worm (D:2)
  2 dart slugs
  9 orcs
  7 ball pythons
  3 bats
  7 endoplasms
  A giant cockroach (D:4)
  11 goblins
  3 hobgoblins
  3 jackals (D:2)
  6 kobolds
  4 quokkas
  3 frilled lizards
  2 rats
89 creatures vanquished.

Vanquished Creatures (others)
  A kobold (D:4)
  15 demonic plants (D:2)
  6 fungi (D:2)
  9 plants (D:2)
  9 withered plants (D:2)
40 creatures vanquished.

Grand Total: 129 creatures vanquished

Notes
Turn   | Place    | Note
-------+----------+-------------------------------------------
     0 | D:1      | ytrimaz the Octopode Transmuter began the quest for the
                  | Orb.
     0 | D:1      | Reached XP level 1. HP: 13/13 MP: 3/3
   213 | D:1      | You fall into a shaft and drop 1 floor!
   245 | D:2      | Reached XP level 2. HP: 18/18 MP: 3/5
   268 | D:2      | Found a faded altar of an unknown god.
   360 | D:2      | Reached XP level 3. HP: 19/23 MP: 4/6
   363 | D:2      | Learned a level 2 spell: Wereblood
   367 | D:2      | Learned a level 3 spell: Spider Form
   895 | D:2      | Reached XP level 4. HP: 27/28 MP: 3/7
  1499 | D:2      | Reached XP level 5. HP: 18/34 MP: 3/9
  2112 | D:3      | Found Yblimaij's Antique Weapon Shoppe.
  2127 | D:3      | Noticed Grinder
  2221 | D:3      | Found Abucri's Weapon Shop.
  2649 | D:3      | Found Pupnopsasti's Assorted Antiques.
  2659 | D:3      | Bought a scroll labelled YKEMUGA KEIS for 22 gold pieces
  2659 | D:3      | Bought a fuming grey potion for 19 gold pieces
  2659 | D:3      | Bought a fuming grey potion for 19 gold pieces
  2735 | D:3      | Reached XP level 6. HP: 12/41 MP: 11/11
  2979 | D:3      | Found Ali Giuh's Antique Weapon Shoppe.
  3404 | D:4      | Found an ornate altar of the Wu Jian Council.
  3514 | D:4      | Found Ceotof Baqi's Jewellery Boutique.
  3971 | D:4      | Noticed a necrophage
  3980 | D:4      | Killed a necrophage
  4044 | D:4      | Gained mutation: You are covered in fur. (AC +1) [potion of
                  | mutation]
  4044 | D:4      | Gained mutation: You are partially covered in iridescent
                  | scales. (AC +2) [potion of mutation]
  4097 | D:4      | Noticed a necrophage
  4098 | D:4      | Noticed a steam dragon
  4113 | D:4      | Killed a steam dragon
  4114 | D:4      | Reached XP level 7. HP: 25/45 MP: 7/13
  4118 | D:4      | HP: 1/45 [ogre (27)]
  4942 | D:4      | Reached skill level 5 in Unarmed Combat
  4942 | D:4      | Reached skill level 1 in Poison Magic
  4952 | D:4      | Got the Collected Works on Virous Changing
  5172 | D:4      | Learned a level 4 spell: Ice Form
  5178 | D:4      | Learned a level 5 spell: Irradiate
  5202 | D:5      | Entered Level 5 of the Dungeon
  5202 | D:5      | Noticed a yak
  5202 | D:5      | Noticed a yak
  5238 | D:4      | Reached XP level 8. HP: 49/52 MP: 13/15
  5503 | D:5      | Found a staircase to the Ecumenical Temple.
  5528 | Temple   | Entered the Ecumenical Temple
  5717 | Temple   | Became a worshipper of Ashenzari the Shackled
  5745 | D:5      | Noticed a yak
  6210 | D:6      | Found Riegho's Magic Scroll Boutique.
  6227 | D:5      | Reached skill level 5 in Transmutations
  6227 | D:5      | HP: 4/117 [poisoned by a water moccasin]
  6230 | D:5      | HP: 1/117 [poisoned by a water moccasin]
  6231 | D:5      | Succumbed to a water moccasin's poison

Illustrated notes

Levels and vault maps discovered:
D:1:      sevenhm_arrival_forest_fort_large_4, layout_loops_cross, serial_shops,
          nicolae_square_shop, hangedman_decor_clover_reticule
D:2:      layout_loops_cross, shapermc_ecumenical_altar_gd
D:3:      layout_loops_corners, serial_shops, shop_statue,
          nicolae_shop_temple_entry_statues_fountains, shop_fountains, shop,
          grunt_ministairs_13, minivault_5, uniq_grinder
D:4:      minmay_octagon_keep, layout_rooms,
          mainiacjoe_overflow_small_starburst, serial_shops,
          nicolae_inconvenience_store, serial_curves, eino_curves_02,
          eino_curves_02, eino_curves_03, eino_curves_02
D:5:      layout_loops_cross
D:6:      layout_cave_pools, serial_shops, nicolae_shop_advertising_works
          [nicolae_subvault_shop_adworks], shop_scrolls, shop, uniq_pikel,
          uniq_duvessa
Temple:   eino_temple_scatter_basement

Skill      XL: |  1  2  3  4  5  6  7  8 |
---------------+-------------------------+-----
Spellcasting   | 3 4 |  4.8
Transmutations | 3 4 5 |  5.1
Fighting       | 2 3 |  3.5
Unarmed Combat | 4 5 |  5.3
Poison Magic   | 1 |  1.4
Dodging        | |  2.4

Action                   |  1- 3 |  4- 6 |  7- 9 || total
-------------------------+-------+-------+-------++-------
Melee: Unarmed           |    35 |   124 |    70 ||   229
       Constrict         |    11 |    29 |    10 ||    50
       Tentacles         |     8 |    23 |    12 ||    43
       Kick              |     7 |    21 |    11 ||    39
       Punch             |       |     4 |     3 ||     7
 Cast: Beastly Appendage |    12 |    28 |     8 ||    48
       Spider Form       |     1 |     3 |     3 ||     7
       Wereblood         |     1 |     3 |     1 ||     5
  Use: Potion            |     1 |     1 |     4 ||     6
       Scroll            |       |     8 |     1 ||     9
 Stab: Sleeping          |     1 |     3 |       ||     4
Armor: Skin              |       |     7 |    13 ||    20
Dodge: Dodged            |    18 |    96 |    42 ||   156

Table legend: (Time is in decaauts)
 A = Elapsed time spent in this place.
 B = Non-inter-level travel time spent in this place.
 C = Inter-level travel time spent in this place.
 D = Time resting spent in this place.
 E = Time spent auto-exploring this place.
 F = Levels seen in this place.
 G = Mean time per level.
                   A        B        C        D        E       F      G
               +--------+--------+--------+--------+--------+-----+--------+
         Total |   6213 |   6001 |    212 |    767 |   4378 |   7 |  887.6 |
       Dungeon |   6006 |   5823 |    183 |    767 |   4217 |   6 | 1001.0 |
        Temple |    206 |    177 |     29 |      0 |    161 |   1 |  206.0 |
               +--------+--------+--------+--------+--------+-----+--------+

Top non-repeatable levels by time:
     D:3: 2017 daAuts
     D:2: 1507 daAuts
     D:4: 1486 daAuts
     D:5: 774 daAuts
     D:1: 212 daAuts
  Temple: 206 daAuts
     D:6: 8 daAuts
